 Dungeon Crawl Stone Soup version 0.25.1-2-g60ff931df9 (webtiles) character file.

Game seed: 7365199413137741568

2252 DogServant the Carver (level 9, -5/108 HPs)
             Began as a Merfolk Gladiator on Nov 8, 2020.
             Was a Believer of Makhleb.
             Slain by a stone giant (33 damage)
             ... on level 7 of the Dungeon.
             The game lasted 00:07:50 (7427 turns).

DogServant the Carver (Merfolk Gladiator)           Turns: 7427, Time: 00:07:51

Health: -5/108     AC: 24    Str: 15 (17) XL:     9   Next: 37%
Magic:  9/9        EV:  2    Int:  5 (8)  God:    Makhleb [**....]
Gold:   502        SH:  5    Dex: 12 (15) Spells: 8/8 levels left

rFire    . . .     SeeInvis +   C - +2 triple sword (elec)
rCold    . . .     Gourm    .   (shield currently unavailable)
rNeg     + + +     Faith    .   (armour currently unavailable)
rPois    +         Spirit   .   (helmet currently unavailable)
rElec    .         Reflect  +   (cloak currently unavailable)
rCorr    .         Harm     .   (gloves currently unavailable)
MR       .....     NoTele   +   (boots currently unavailable)
Stlth    +.........             F - amulet of reflection
HPRegen  0.28/turn              v - ring of see invisible
MPRegen  0.11/turn              (no ring)

@: tree-form
A: (change form in water), (swift swim), (stealthy swim)
a: Minor Destruction, Renounce Religion


You were on level 7 of the Dungeon.
You worshipped Makhleb.
Makhleb was pleased with you.
You were not hungry.
You were a tree.
You visited 1 branch of the dungeon, and saw 7 of its levels.

You collected 502 gold pieces.

Inventory:

Hand Weapons
 a - a +0 long sword
 t - a +3 long sword
 C - a +2 triple sword of electrocution (weapon)
Missiles
 h - 5 boomerangs (quivered)
Armour
 c - a +0 helmet (melded)
 e - a +0 cloak (melded)
 g - a +0 pair of boots (melded)
 E - a +3 ring mail of fire resistance (melded)
Jewellery
 v - a ring of see invisible (left branch)
 B - an uncursed amulet of inaccuracy
 F - an amulet of reflection (around neck)
Scrolls
 i - 3 scrolls of remove curse
 j - 3 scrolls of teleportation
 m - a scroll of noise {unknown}
 s - 2 scrolls of enchant weapon {unknown}
 x - a scroll of magic mapping
 y - a scroll of amnesia {unknown}
 A - a scroll of vulnerability {unknown}
 D - a scroll of fear {unknown}
Potions
 d - 2 potions of flight
 k - 2 potions of invisibility
 l - 2 potions of stabbing
 n - 2 potions of degeneration
 o - a potion of haste
 q - 2 potions of cancellation
 r - a potion of lignification
 u - a potion of curing {unknown}
 w - a potion of brilliance {unknown}
 z - 2 potions of heal wounds {unknown}
Comestibles
 f - 12 rations


   Skills:
 - Level 7.0 Fighting
 * Level 10.0 Long Blades
 - Level 2.0 Throwing
 - Level 9.0 Dodging


You had 8 spell levels left.
You didn't know any spells.
Your spell library contained the following spells:

 Spells                   Type           Power        Failure   Level  Hunger
 Confusing Touch          Hex            #.......     85%         3    ####...
 Gell's Gravitas          Tloc           #.........   85%         3    ####...
 Static Discharge         Conj/Air       #.......     85%         3    ####...
 Petrify                  Tmut/Erth      #.......     99%         4    #####..
 Lightning Bolt           Conj/Air       #.........   100%        5    ######.
 Metabolic Englaciation   Hex/Ice        #.........   100%        5    ######.
 Yara's Violent Unravell  Hex/Tmut       #.........   100%        5    ######.
 Ignition                 Fire           #.........   100%        8    #######
 Shatter                  Erth           #.........   100%        9    #######
 Tornado                  Air            #.........   100%        9    #######


Dungeon Overview and Level Annotations

Branches:
Dungeon (7/15)             Temple (0/1) D:7

Altars:
Makhleb
Qazlal
Uskayaw
Yredelemnul
The Shining One

Annotations:
D:2 1 runed translucent door
D:3 2 runed translucent doors, LunaMoon's ghost, weakling SpAs
D:5 3 runed translucent doors, Quickbrownfox's ghost, amateur OpVM


Message History

The stone giant is too close now for your liking.
The stone giant throws a large rock.
The large rock hits you!!
There is an open door, spattered with blood here.
Things that are here:
a large rock; a bullfrog skeleton; a howler monkey skeleton You start resting.
The stone giant hits you!!
* * * LOW HITPOINT WARNING * * *
Okay, then.
Okay, then.
It was a potion of lignification.
You turn into a tree.
Your +0 cloak melds into your body.
Your +0 helmet melds into your body.
Your +0 pair of boots melds into your body.
Your +3 ring mail of fire resistance melds into your body.
You feel less resistant to fire.
Your roots penetrate the ground.
The stone giant hits you but does no damage.
You slash the stone giant!
The stone giant is lightly wounded.
The stone giant hits you!!
You die...

#..# #.##.##.##.#
..#. #.#.##..|##.#
.C. ##.'#...⌠..##'
#.. #..#.##|[}## #
#..# ##..##.##.## #
#..###..## #.### #
#..÷.)## #.# #
####C#########'#####
#..♣#...##...#.#...#
#..##...##.#.....#.#
#...#.....#..##.##..#
#...###...##.#.#.#)##
.'... #...'...#[#).('
..#..#
##..##.#.#.#.##
.#.#..
.....#..##.##..# .
#.# #####.#.#.....#.#
..#...#.#...#


You could see a stone giant.

Vanquished Creatures
  Sigmund (D:3)
  3 ice beasts
  7 ogres
  A centaur (D:7)
  2 bullfrogs (D:7)
  2 scorpions (D:5)
  4 howler monkeys
  A crimson imp (D:6)
  3 hounds
  An orc priest (D:3)
  A human skeleton (D:2)
  6 orc wizards
  3 iguanas
  2 worker ants
  A hound skeleton (D:5)
  Robin (D:2)
  A howler monkey zombie (D:7)
  8 gnolls
  7 adders
  A shadow imp (D:7)
  2 oozes
  An adder skeleton (D:6)
  2 worms
  3 dart slugs
  3 leopard geckos
  18 orcs
  6 bats
  6 giant cockroaches
  17 goblins
  6 hobgoblins
  4 jackals (D:5)
  4 kobolds
  A quokka (D:5)
  3 ball pythons
  5 frilled lizards
  A giant cockroach zombie (D:5)
  A jackal zombie (D:5)
  3 rats
142 creatures vanquished.

Vanquished Creatures (others)
  A leopard gecko (D:1)
1 creature vanquished.

Grand Total: 143 creatures vanquished

Notes
Turn   | Place    | Note
-------+----------+-------------------------------------------
     0 | D:1      | DogServant the Merfolk Gladiator began the quest for the
                  | Orb.
     0 | D:1      | Reached XP level 1. HP: 16/16 MP: 1/1
   117 | D:1      | Reached XP level 2. HP: 20/23 MP: 2/2
   588 | D:1      | Reached XP level 3. HP: 26/28 MP: 3/3
   589 | D:1      | Reached skill level 4 in Long Blades
   688 | D:2      | Found a faded altar of an unknown god.
   864 | D:2      | Noticed Robin
   881 | D:2      | Killed Robin
   903 | D:2      | Reached XP level 4. HP: 14/34 MP: 4/4
  1457 | D:2      | Found a runed translucent door.
  1457 | D:2      | Noticed a human
  1640 | D:2      | Found a basalt altar of Yredelemnul.
  1887 | D:3      | Reached skill level 5 in Dodging
  1958 | D:3      | Found a burning altar of Makhleb.
  1958 | D:3      | Found a glowing golden altar of the Shining One.
  1989 | D:3      | Became a worshipper of Makhleb the Destroyer
  2115 | D:3      | Reached XP level 5. HP: 37/41 MP: 5/5
  2191 | D:3      | Reached skill level 5 in Long Blades
  2850 | D:3      | Found a runed translucent door.
  2927 | D:3      | Reached XP level 6. HP: 48/48 MP: 6/6
  2958 | D:3      | Found a runed translucent door.
  3049 | D:3      | Noticed Sigmund
  3100 | D:3      | Killed Sigmund
  3100 | D:3      | Reached skill level 6 in Long Blades
  3100 | D:3      | Reached XP level 7. HP: 38/55 MP: 7/7
  3216 | D:3      | Noticed LunaMoon's ghost (weakling SpAs)
  3636 | D:3      | Reached * piety under Makhleb
  4768 | D:4      | Reached skill level 7 in Long Blades
  5047 | D:5      | Entered Level 5 of the Dungeon
  5047 | D:5      | Noticed a +0 hand axe
  5048 | D:5      | Found a hide-covered altar of Uskayaw.
  5048 | D:5      | Noticed a +0 dagger
  5219 | D:5      | Found a runed translucent gate.
  5219 | D:5      | Found a runed translucent gate.
  5219 | D:5      | Found a runed translucent gate.
  5219 | D:5      | Noticed Quickbrownfox's ghost (amateur OpVM)
  5340 | D:5      | Reached skill level 5 in Fighting
  5383 | D:5      | Reached XP level 8. HP: 55/62 MP: 8/8
  5763 | D:5      | Reached skill level 8 in Long Blades
  6064 | D:6      | Reached ** piety under Makhleb
  6232 | D:6      | Reached skill level 9 in Long Blades
  6274 | D:6      | Reached XP level 9. HP: 62/71 MP: 9/9
  6352 | D:6      | Found a stormy altar of Qazlal.
  7080 | D:7      | Noticed a stone giant
  7136 | D:7      | Found a staircase to the Ecumenical Temple.
  7166 | D:7      | Noticed a red ugly thing
  7392 | D:7      | Reached skill level 10 in Long Blades
  7427 | D:7      | Slain by a stone giant

Illustrated notes

Levels and vault maps discovered:
D:1:      elethiomel_arrival_quiet, layout_rooms
D:2:      layout_rooms, chequers_ecumenical_altar_grove, dk_yredelemnul_ordeal,
          uniq_robin
D:3:      layout_basic, gammafunk_temple_overflow_elements,
          ebering_ghost_sewer_f, uniq_sigmund
D:4:      layout_layer_cave
D:5:      minmay_clustersquares, layout_basic, dancing_weapons_uskayaw,
          gammafunk_ghost_necromancy, first_ration
D:6:      layout_basic, nicolae_qazlal_general_emergency,
          kennysheep_generic_room_13
D:7:      layout_loops_ring, nicolae_overflow_hidden_temple,
          lemuel_temple_firewalk_b, minmay_the_grid_2x2
          [minmay_the_grid_large_cup, minmay_the_grid_zigzag_pyramid,
          minmay_the_grid_odd_star, minmay_the_grid_prize_diamond_cup]

Skill      XL: |  1  2  3  4  5  6  7  8  9 |
---------------+----------------------------+-----
Long Blades    | 4 5 6 7 9 10 | 10.0
Fighting       | 3 4 5 6 7 |  7.0
Dodging        | 5 6 7 8 9 |  9.0
Throwing       | |  2.0

Action                   |  1- 3 |  4- 6 |  7- 9 || total
-------------------------+-------+-------+-------++-------
Melee: Long sword        |   104 |   146 |   267 ||   517
       Triple sword      |       |       |     2 ||     2
Throw: Throwing net      |       |     4 |       ||     4
       Boomerang         |       |       |    17 ||    17
  Use: Scroll            |       |       |    10 ||    10
       Potion            |       |       |     3 ||     3
 Stab: Held in net/web   |       |     3 |       ||     3
  Eat: Chunk             |       |     7 |    16 ||    23
Armor: Leather armour    |    27 |    15 |       ||    42
       Ring mail         |       |    27 |    71 ||    98
       Skin              |       |       |     1 ||     1
Dodge: Dodged            |    81 |    92 |   206 ||   379
       Rpst.: Long sword |    27 |    26 |    56 ||   109
       Triple sword      |       |       |     1 ||     1
